 Dungeon Crawl Stone Soup version 0.23-a0-448-g1c01f63 (webtiles) character file.

375 MisterFreud the Sneak (level 6, -2/49 HPs)
             Began as a Naga Fire Elementalist on Nov 20, 2018.
             Slain by a hound (4 damage)
             ... on level 4 of the Dungeon.
             The game lasted 00:08:24 (3420 turns).

MisterFreud the Sneak (Naga Fire Elementalist)      Turns: 3420, Time: 00:08:25

Health: -2/49      AC:  4    Str: 10    XL:     6   Next: 72%
Magic:  9/9        EV:  9    Int: 22    God:
Gold:   120        SH:  0    Dex: 12    Spells: 1/9 levels left

rFire    . . .     SeeInvis +   d - +0 dagger
rCold    . . .     Gourm    .   (no shield)
rNeg     . . .     Faith    .   a - +0 robe
rPois    +         Spirit   .   (no helmet)
rElec    .         Reflect  .   h - +0 cloak
rCorr    .         Harm     .   (no gloves)
MR       .....                  (no barding)
Stlth    ++........             (no amulet)
HPRegen  0.16/turn              (no ring)
MPRegen  0.11/turn              (no ring)

@: brilliant, very slightly contaminated, heavily drained, invisible, very slow
A: large, see invisible, deformed body, poison resistance, slowness 2, slow
metabolism 1, spit poison 1, AC +2
a: Spit Poison


You were on level 4 of the Dungeon.
You were near starving.

You visited 1 branch of the dungeon, and saw 4 of its levels.

You collected 120 gold pieces.

Inventory:

Hand Weapons
 d - a +0 dagger (weapon)
Missiles
 g - 9 tomahawks (quivered)
 i - 12 arrows
 k - 50 stones
 n - 9 poisoned needles
 q - 55 bolts
 s - 10 sling bullets
Armour
 a - a +0 robe (worn)
 h - a +0 cloak (worn)
Scrolls
 f - 2 scrolls of fear {unknown}
 l - 2 scrolls of remove curse
 m - 2 scrolls of amnesia
 r - 2 scrolls of enchant weapon {unknown}
 t - a scroll of magic mapping {unknown}
 v - 2 scrolls of teleportation {unknown}
 y - a scroll of identify
 z - a scroll of blinking {unknown}
Potions
 b - 2 potions of mutation {unknown}
 j - 2 potions of might
 p - a potion of heal wounds {unknown}
 u - a potion of degeneration {unknown}
 x - a potion of brilliance
Comestibles
 c - 10 rations


   Skills:
 - Level 1.5(0.0) Dodging
 - Level 5.1(3.4) Stealth
 - Level 2.0(0.4) Spellcasting
 + Level 4.8(3.0) Conjurations
 + Level 4.7(3.0) Fire Magic


You had one spell level left.
You knew the following spells:

 Your Spells              Type           Power        Failure   Level  Hunger
a - Flame Tongue          Conj/Fire      ####.        1%          1    ##.....
b - Conjure Flame         Conj/Fire      ####....     1%          3    ####...
c - Sticky Flame          Conj/Fire      ####....     5%          4    #####..

Your spell library contained the following spells:

 Spells                   Type           Power        Failure   Level  Hunger
 Throw Flame              Conj/Fire      ####..       1%          2    ###....
 Inner Flame              Hex/Fire       ###.....     3%          3    ####...
 Fireball                 Conj/Fire      ####......   14%         5    ######.


Dungeon Overview and Level Annotations

Branches:
Dungeon (4/15)
 Temple: D:4-7

Altars:
Ru


Innate Abilities, Weirdness & Mutations

You cannot wear boots.
Your serpentine skin is tough. (AC +2)
You have supernaturally acute eyesight. (SInv)
Armour fits poorly on your strangely shaped body.
Your system is resistant to poisons. (rPois)
You cover ground very slowly.
You have a slow metabolism.
You can spit poison.


Message History

The hound barely misses you.
You are very lightly contaminated with residual magic.
You barely miss the worker ant. The hound bites you but does no damage.
You hit the worker ant.
The worker ant is lightly wounded.
The hound bites you.
* * * LOW HITPOINT WARNING * * *
The worker ant bites you.
* * * LOW HITPOINT WARNING * * *
The hound closely misses you.
You hit the hound but do no damage.
The hound is almost dead.
The worker ant bites you.
* * * LOW HITPOINT WARNING * * *
The hound closely misses you.
It was a potion of brilliance.
You feel clever all of a sudden.
You have got your breath back.
The hound bites you.
You die...

...... #....# #
####....####..
#.............
#.............
#.............
#.............
#..<.a@.......
#......h......
.................
..##########..###.
..# .... ...# ...#


You could see a hound and a worker ant.

Vanquished Creatures
  Sigmund (D:3)
  A hound (D:2)
  2 orc wizards (D:3)
  An orc priest (D:3)
  5 adders (D:2)
  An ooze (D:2)
  4 worms
  A leopard gecko (D:1)
  6 orcs (D:3)
  8 bats
  2 giant cockroaches (D:1)
  7 goblins
  5 hobgoblins
  7 kobolds
  A ball python (D:1)
  6 frilled lizards
  5 rats
63 creatures vanquished.

Notes
Turn   | Place    | Note
-------+----------+-------------------------------------------
     0 | D:1      | MisterFreud the Naga Fire Elementalist began the quest for
                  | the Orb.
     0 | D:1      | Reached XP level 1. HP: 15/15 MP: 3/3
   133 | D:1      | Reached skill level 4 in Stealth
   157 | D:1      | Reached XP level 2. HP: 22/22 MP: 5/5
   742 | D:2      | Reached skill level 5 in Stealth
   750 | D:2      | Found a sacrificial altar of Ru.
   806 | D:2      | Reached XP level 3. HP: 21/28 MP: 1/6
   974 | D:2      | Reached XP level 4. HP: 30/36 MP: 3/7
  1685 | D:2      | Reached XP level 5. HP: 42/42 MP: 5/8
  2073 | D:2      | Learned a level 3 spell: Conjure Flame
  2078 | D:2      | Learned a level 4 spell: Sticky Flame
  2112 | D:3      | Noticed Sigmund
  2122 | D:3      | Killed Sigmund
  2122 | D:3      | Reached XP level 6. HP: 37/49 MP: 4/9
  3274 | D:3      | Found a faded altar of an unknown god.
  3419 | D:4      | HP: 2/49 [worker ant (6)]
  3420 | D:4      | Slain by a hound

Vault maps used:
D:1:      dpeg_arrival_renting
D:2:      nicolae_ru_awakened_eye, minmay_goblin_outpost
D:3:      chequers_ecumenical_altar_lobes, serial_forest,
          infiniplex_forest_clump_diagonal, infiniplex_forest_lined_1,
          infiniplex_forest_lined_room_, infiniplex_forest_end_2,
          infiniplex_forest_clump_diagonal, infiniplex_forest_lined_room_,
          item_on_display_a, uniq_sigmund
D:4:      tgw_fedhas, doesnt_xom_only_xom, okawaru_metal_pillars_1_2,
          first_ration, uniq_natasha

Skill      XL: |  1  2  3  4  5 |
---------------+----------------+-----
Stealth        | 4 5 |  5.1
Conjurations   | 2 3 4 |  4.8
Fire Magic     | 4 |  4.7
Dodging        | |  1.5
Spellcasting   | |  2.0

Action                   |  1- 3 |  4- 6 || total
-------------------------+-------+-------++-------
Melee: Dagger            |    26 |   136 ||   162
 Cast: Flame Tongue      |    10 |    27 ||    37
       Sticky Flame      |       |     1 ||     1
 Abil: Spit Poison       |    15 |    17 ||    32
  Use: Scroll            |       |     5 ||     5
       Potion            |       |     3 ||     3
 Stab: Sleeping          |     2 |     6 ||     8
  Eat: Chunk             |       |     7 ||     7
Armor: Robe              |     6 |    47 ||    53
Dodge: Dodged            |    24 |   100 ||   124

Table legend:
 A = Non-vault XP
 B = Vault XP
 C = Vault XP percentage of total XP
 D = Non-vault monster count
 E = Vault monster count
 F = Vault count percentage of total count
                 A         B        C        D         E       F
            +---------+---------+-------+---------+---------+-------
      Total |     328 |     208 |  38.8 |      59 |       4 |   6.3
            +---------+---------+-------+---------+---------+-------
        D:1 |      23 |       0 |   0.0 |      14 |       0 |   0.0
        D:2 |     153 |       3 |   1.9 |      25 |       3 |  10.7
        D:3 |     152 |     205 |  57.4 |      20 |       1 |   4.8
            +---------+---------+-------+---------+---------+-------
